 Seeded DCSS version 0.28.0-53-g5a82cb258f (webtiles) character file.

Game seed: 123456789 (custom seed)

1716 Kazon the Cudgeller (level 8, -1/66 HPs)
             Began as a Palentonga Fighter on July 20, 2022.
             Was an Initiate of Makhleb.
             Slain by a troll (10 damage)
             ... on level 5 of the Dungeon.
             The game lasted 00:17:56 (3962 turns).

Kazon the Cudgeller (Palentonga Fighter)            Turns: 3962, Time: 00:17:57

Health: -1/66      AC: 21    Str: 22    XL:     8   Next: 74%
Magic:  9/9        EV:  8    Int: 15    God:    Makhleb [......]
Gold:   137        SH:  5    Dex: 16    Spells: 4/8 levels left

rFire   . . .      SeeInvis +   q - +8 mace "Nihoonn" {freeze, rC+ Dex+6}
rCold   + . .      Faith    .   c - +0 buckler
rNeg    . . .      Spirit   .   k - +2 robe of the Fletcher {Int+7}
rPois   .          Reflect  .   d - +0 helmet
rElec   .          Harm     .   o - +0 cloak
rCorr   .          Rampage  .   b - +0 pair of gloves
Will    +....                   A - +0 barding
Stlth   ++........              (no amulet)
HPRegen 0.21/turn               v - ring of willpower
MPRegen 0.11/turn               (no ring)

@: curled up
A: large, rugged brown scales 3, see invisible, deformed body, roll 1, armoured
tail, reflexive curl
a: Rolling Charge, Renounce Religion


You were on level 5 of the Dungeon.
You worshipped Makhleb.
Makhleb was noncommittal.
You visited 1 branch of the dungeon, and saw 5 of its levels.
You also visited: Sewer.

You collected 137 gold pieces.

Inventory:

Hand Weapons
 a - a +0 war axe
 p - a +1 mace of venom
 q - the +8 mace "Nihoonn" (weapon) {freeze, rC+ Dex+6}
   (You found it on level 2 of the Dungeon)

   It freezes those it strikes, dealing additional cold damage.
   It can also slow down cold-blooded creatures.
   Dex:       It affects your dexterity (+6).
   rC:        It protects you from cold.
Missiles
 g - 4 stones (quivered)
 l - 4 sling bullets
 z - a curare-tipped dart
Armour
 b - a +0 pair of gloves (worn)
 c - a +0 buckler (worn)
 d - a +0 helmet (worn)
 k - the +2 robe of the Fletcher (worn) {Int+7}
   (You found it on level 2 of the Dungeon)

   Int:       It affects your intelligence (+7).
 o - a +0 cloak (worn)
 A - a +0 barding (worn)
Jewellery
 v - a ring of willpower (left hand)
Wands
 w - a wand of iceblast (10)
Scrolls
 f - 3 scrolls of identify {unknown}
 h - a scroll of fog {unknown}
 i - 2 scrolls of magic mapping {unknown}
 j - a scroll of fear {unknown}
 s - a scroll of noise {unknown}
 u - a scroll of teleportation {unknown}
 y - a scroll of summoning {unknown}
Potions
 e - a potion of haste
 m - a potion of attraction {unknown}
 n - a potion of brilliance {unknown}
 r - 4 potions of curing
 t - a potion of magic {unknown}
 x - 2 potions of degeneration {unknown}
 C - 2 potions of flight
 D - 2 potions of resistance {unknown}


   Skills:
 * Level 5.2 Fighting
 + Level 5.1(6.5) Axes
 + Level 6.1(7.0) Maces & Flails
 + Level 0.6 Throwing
 * Level 3.4 Armour
 + Level 2.5 Dodging
 + Level 1.0 Stealth
 + Level 3.5 Shields
 + Level 0.5 Spellcasting
 + Level 0.7 Necromancy
 * Level 2.0 Invocations
 * Level 0.8 Evocations


You had 4 spell levels left.
You knew the following spells:

 Your Spells              Type           Power      Damage    Failure   Level
a - Vampiric Draining     Necr           2%         2d6       56%         3
b - Animate Skeleton      Necr           4%         N/A       24%         1

Your spell library contained the following spells:

 Spells                   Type           Power      Damage    Failure   Level
 Pain                     Necr           8%         1d4       24%         1
 Beastly Appendage        Tmut           0%         N/A       32%         1
 Magic Dart               Conj           0%         1d3       32%         1
 Blink                    Tloc           0%         N/A       43%         2
 Call Imp                 Summ           0%         N/A       43%         2
 Wereblood                Tmut           0%         N/A       43%         2
 Lesser Beckoning         Tloc           0%         N/A       67%         3
 Mephitic Cloud           Conj/Pois/Air  0%         N/A       67%         3
 Spider Form              Tmut/Pois      0%         N/A       67%         3
 Tukima's Dance           Hex            0%         N/A       67%         3
 Anguish                  Hex/Necr       0%         N/A       95%         4
 Manifold Assault         Tloc           0%         N/A       100%        5
 Enfeeble                 Hex            0%         N/A       100%        7


Dungeon Overview and Level Annotations

Branches:
Dungeon (5/15)              Sewer (visited)
 Temple: D:4-7

Altars:
Makhleb

Annotations:
D:5 Eustachio


Innate Abilities, Weirdness & Mutations

You are completely covered in rugged brown scales. (AC +3, +7% HP)
You have supernaturally acute eyesight. (SInv)
Armour fits poorly on your strangely shaped body.
You can roll at nearby foes to attack.
You have a long armoured tail.
You curl defensively after being hit. (AC +7*)


Message History

The troll is heavily wounded.
You block the troll's attack. The troll claws you but does no damage.
The troll claws you. The hound bites you but does no damage.
Things that are here:
a +0 war axe; 8 stones; an orc corpse You sock the hound!
You freeze the hound.
You kill the hound!
Makhleb accepts your kill.
Eustachio asks, "How can you live without manners, virtues and honour?"
You sock the troll! You freeze the troll.
Your tail-slap misses the troll.
The troll is severely wounded.
The troll bites you!
* * * LOW HITPOINT WARNING * * *
The troll barely misses you. The troll claws you.
* * * LOW HITPOINT WARNING * * *
You barely miss the troll.
The troll is severely wounded.
The troll bites you!
* * * LOW HITPOINT WARNING * * *
The troll claws you.
* * * LOW HITPOINT WARNING * * *
The troll claws you but does no damage.
You feel much better. The troll barely misses you.
The troll claws you but does no damage. x2
You hit the troll. You freeze the troll. You tail-slap the troll.
The troll is severely wounded.
The troll bites you.
* * * LOW HITPOINT WARNING * * *
The troll claws you but does no damage. x2
The troll bites you but does no damage.
The troll claws you but does no damage. x2
You hit the troll but do no damage.
The troll is heavily wounded.
You block the troll's attack. The troll claws you!
* * * LOW HITPOINT WARNING * * *
The troll claws you but does no damage.
You sock the troll! You freeze the troll.
The troll is almost dead.
The troll bites you!
You die...

#.# .# ##(#.# .#.#
#.# .###....# (#.#
.# #####.##........#
... ...
..........##....##.#
#.# #######.#.#
#.#....#...
#.#.###.#.##.#.#
#....##...# ...
#.)>.....)##)#...
#....####.@T@#.#.h)
#.#### #).##.......
#.######..##.#.##.#
#..Z.............
########..##.###.#
#........ ..
#..####.# . #..#
##..


You could see Eustachio and a troll.

Vanquished Creatures
  Sigmund (D:2)
  A steam dragon (D:4)
  Menkaure (D:5)
  Duvessa (D:5)
  A necrophage (D:4)
  An ogre (D:4)
  2 centaurs
  A phantom (D:4)
  A kobold brigand (Sewer)
  Dowan (D:5)
  4 hounds
  4 orc priests
  Crazy Yiuf (D:2)
  Ijyb (D:3)
  3 orc wizards
  2 hound skeletons
  Robin (D:2)
  A howler monkey zombie (D:5)
  A howler monkey skeleton (D:5)
  9 adders
  3 river rats (Sewer)
  An ufetubus (D:4)
  4 worms
  3 dart slugs
  11 orcs
  6 bats
  5 endoplasms
  4 giant cockroaches
  15 goblins
  10 hobgoblins
  7 jackals
  11 kobolds
  6 quokkas
  4 ball pythons
  5 frilled lizards
  8 rats
141 creatures vanquished.

Vanquished Creatures (others)
  6 toadstools (D:5)
  4 withered plants (D:1)
10 creatures vanquished.

Grand Total: 151 creatures vanquished

Notes
Turn   | Place    | Note
-------+----------+-------------------------------------------
     0 | D:1      | Kazon the Palentonga Fighter began the quest for the Orb.
     0 | D:1      | Reached XP level 1. HP: 19/19 MP: 1/1
   118 | D:1      | Found a faded altar of an unknown god.
   151 | D:1      | Reached XP level 2. HP: 16/25 MP: 2/2
   866 | D:1      | Reached XP level 3. HP: 31/31 MP: 3/3
   993 | D:2      | Noticed Robin
   996 | D:2      | Noticed Sigmund
  1000 | D:2      | Killed Robin
  1011 | D:2      | Killed Sigmund
  1012 | D:2      | Reached XP level 4. HP: 14/39 MP: 4/4
  1012 | D:2      | Reached XP level 5. HP: 16/44 MP: 5/5
  1305 | D:2      | Identified the +2 robe of the Fletcher {Int+7}
  1330 | D:2      | Learned a level 3 spell: Vampiric Draining
  1332 | D:2      | Learned a level 1 spell: Animate Skeleton
  1689 | D:2      | Reached XP level 6. HP: 49/51 MP: 6/6
  1917 | D:2      | Identified the +8 mace "Nihoonn" {freeze, rC+ Dex+6}
  1930 | D:2      | Found a runed translucent door.
  1931 | D:2      | Noticed Crazy Yiuf
  1935 | D:2      | Killed Crazy Yiuf
  1936 | D:2      | Reached skill level 1 in Dodging
  2298 | D:3      | Reached skill level 5 in Axes
  2304 | D:3      | Reached skill level 1 in Maces & Flails
  2530 | D:3      | Noticed Ijyb
  2538 | D:3      | Killed Ijyb
  2685 | D:3      | Reached skill level 2 in Maces & Flails
  2685 | D:3      | Gained mutation: You curl defensively after being hit. (AC
                  | +7*) [Palentonga growth]
  2685 | D:3      | Reached XP level 7. HP: 56/56 MP: 7/7
  2737 | D:4      | Reached skill level 3 in Maces & Flails
  2829 | D:4      | Found a glowing drain.
  2840 | Sewer    | Entered a sewer
  3071 | Sewer    | Reached skill level 4 in Maces & Flails
  3138 | Sewer    | Found a white marble altar of Elyvilon.
  3203 | D:4      | Reached XP level 8. HP: 65/65 MP: 8/8
  3324 | D:4      | Reached skill level 5 in Maces & Flails
  3664 | D:5      | Entered Level 5 of the Dungeon
  3824 | D:5      | Found a burning altar of Makhleb.
  3824 | D:5      | Noticed a blizzard demon
  3828 | D:5      | Noticed a hellwing
  3830 | D:5      | Became a worshipper of Makhleb the Destroyer
  3880 | D:5      | Noticed Duvessa
  3884 | D:5      | Noticed Dowan
  3890 | D:5      | Killed Duvessa
  3891 | D:5      | Reached skill level 5 in Fighting
  3892 | D:5      | Killed Dowan
  3893 | D:5      | Reached skill level 1 in Stealth
  3910 | D:5      | Noticed Menkaure
  3922 | D:5      | Killed Menkaure
  3923 | D:5      | Reached skill level 6 in Maces & Flails
  3923 | D:5      | Reached skill level 1 in Invocations
  3948 | D:5      | Noticed a troll
  3948 | D:5      | Noticed Eustachio
  3958 | D:5      | HP: 1/66 [troll (4)]
  3962 | D:5      | Slain by a troll

Illustrated notes

Levels and vault maps discovered:
D:1:      co_arrival_random_square_maze, layout_loops_cross,
          ebering_ecumenical_altar_petrified
D:2:      layout_basic, uniq_sigmund, uniq_crazy_yiuf_cottage, uniq_robin
D:3:      wad_pebble_path, layout_basic, uniq_ijyb
D:4:      layout_basic, portal_sewer_entry_d
D:5:      cheibrodos_fertilizer, layout_loops_ring, makhleb_altar_promises_db,
          minmay_diced_spiral, uniq_menkaure, uniq_duvessa, uniq_eustachio

Skill      XL: |  1  2  3  4  5  6  7  8 |
---------------+-------------------------+-----
Axes           | 4 5 |  5.1
Armour         | 3 |  3.4
Shields        | 3 |  3.5
Dodging        | 1 2 |  2.5
Maces & Flails | 2 4 6 |  6.1
Fighting       | 4 5 |  5.2
Stealth        | 1 |  1.0
Invocations    | 2 |  2.0
Throwing       | |  0.6
Spellcasting   | |  0.5
Necromancy     | |  0.7
Evocations     | |  0.8

Action                   |  1- 3 |  4- 6 |  7- 9 || total
-------------------------+-------+-------+-------++-------
Melee: War axe           |    81 |    69 |       ||   150
       Tailslap          |     4 |    15 |    16 ||    35
       Mace              |       |    64 |   113 ||   177
Throw: Stone             |       |     9 |     6 ||    15
 Cast: Animate Skeleton  |       |     1 |     1 ||     2
 Abil: Rolling Charge    |    11 |    39 |    24 ||    74
  Use: Potion            |     1 |       |     3 ||     4
Armor: Scale mail        |    43 |     8 |       ||    51
       Robe              |       |    31 |    52 ||    83
Dodge: Dodged            |    33 |    50 |    49 ||   132
Block: Buckler           |    11 |    20 |    27 ||    58
